[Event "*** SCC Grand Prix: Titled Tuesday Blitz"]
[Site "Chess.com"]
[Date "2020.09.29"]
[Round "4"]
[White "deribas12345"]
[Black "Kaslask"]
[Result "1-0"]
[WhiteElo "2625"]
[BlackElo "2350"]
[TimeControl "180+1"]
[EndTime "10:37:33 PDT"]
[Termination "deribas12345 won by resignation"]

1. d4 Nf6 2. c4 e6 3. Nc3 d5 4.
cxd5 exd5 5. Bg5 Nbd7 6. e3 Be7 7. Bd3 c6 8. Nge2 O-O 9. O-O Re8 10. Qc2 Nf8 11. f3 g6 12. Rae1 Ne6 13. Bh4 b5 14. Kh1 Bb7 15. a3 a6 16. g4 c5 17. Rg1 Rc8 18. Bf5 cxd4 19. Nxd4 Nxd4 20. exd4 gxf5 21. Qxf5 Rc6 22. Rxe7 Qxe7 23. Nxd5 Nxd5 24. Bxe7 Nxe7 25. Qd7 Rb8 26. Qxe7 Re6 27. Qg5+ Kh8 28. Qf4 Rbe8 29. d5 Bxd5 30. Qd4+ Re5 31. Re1 Bxf3+ 32. Kg1 f6 33. Rxe5 fxe5 34. Qd6 e4 35. Kf2 e3+ 36. Ke1 Kg8 37.
Qf4 Bd5 38. Qg5+ 1-0

[Event "*** SCC Grand Prix: Titled Tuesday Blitz"]
[Site "Chess.com"]
[Date "2020.09.29"]
[Round "4"]
[White "AsaHoffmann"]
[Black "salomez"]
[Result "1-0"]
[WhiteElo "2403"]
[BlackElo "2230"]
[TimeControl "180+1"]
[EndTime "10:37:35 PDT"]
[Termination "AsaHoffmann won on time"]

1. d4 Nf6 2. Bg5 d5 3. Nd2 c6 4. e3 Nbd7 5. f4 h6 6. Bh4 Qb6 7. Rb1 e6 8. Ngf3 Bd6 9. Bd3 Nf8 10. O-O Bd7 11. Ne5 g5 12. fxg5 hxg5 13. Bxg5 Bxe5 14.
dxe5 N6h7 15. Bh4 Qxe3+ 16. Kh1 Qxe5 17. Qf3 Ng5 18. Qg4 Rxh4 19. Qxh4 O-O-O 20. Rbe1 Qg7 21. Qg3 f5 22. h4 Nfh7 23. hxg5 Nxg5 24. Nf3 Rh8+ 25.
Kg1 Nh3+ 26. Kh2 1-0

[Event "*** SCC Grand Prix: Titled Tuesday Blitz"]
[Site "Chess.com"]
[Date "2020.09.29"]
[Round "4"]
[White "Chessbard1972"]
[Black "teacher4chess"]
[Result "1-0"]
[WhiteElo "2294"]
[BlackElo "2008"]
[TimeControl "180+1"]
[EndTime "10:37:37 PDT"]
[Termination "Chessbard1972 won on time"]

1. e4 Nf6 2. e5 Nd5 3. d4 Nb6 4. Nf3 d5 5. h3 Bf5 6. Nh4 Be4 7. Nc3 e6 8. Nxe4 dxe4 9. g3 Nc6 10. c3 Be7 11. Ng2 O-O 12. Be2 f6 13. exf6 Bxf6 14. O-O e5 15. Qb3+ Kh8 16. d5 Qxd5 17. c4 Qe6 18. Kh2 Nd4 19. Qd1 Nxe2 20. Qxe2 Qxc4 21.
Qxc4 Nxc4 22. b3 Nd6 23. Ba3 Rfd8 24. Rfe1 Kg8 25. Rac1 Nb5 26. Bc5 b6 27. Be3 Nd4 28.
Red1 Nf3+ 29. Kh1 c5 30. Ne1 1-0

[Event "*** SCC Grand Prix: Titled Tuesday Blitz"]
[Site "Chess.com"]
[Date "2020.09.29"]
[Round "4"]
[White "wonderfultime"]
[Black "Mazetovic"]
[Result "1-0"]
[WhiteElo "2909"]
[BlackElo "2550"]
[TimeControl "180+1"]
[EndTime "10:37:38 PDT"]
[Termination "wonderfultime won by resignation"]

1. d4 Nf6 2. Nf3 g6 3. Bg5 Bg7 4. Nbd2 d5 5. e3 O-O 6. c3 Bg4 7. Bd3 c6 8. h3 Bxf3 9. Nxf3 Nbd7 10. O-O Qb6 11. Qb3 Rfe8 12. Rfd1 Ne4 13. Bxe4 dxe4 14. Nd2 Qxb3 15. axb3 f5 16. Nc4 a6 17. b4 Kf7 18.
d5 cxd5 19. Rxd5 Nf8 20. Rad1 Rac8 21. Na5 Rc7 22. Bh4 e6 23. Rd8 Rxd8 24. Bxd8 Rc8 25. Nxb7 Be5 26. Bg5 Bf6 27. Nd6+ 1-0

[Event "*** SCC Grand Prix: Titled Tuesday Blitz"]
[Site "Chess.com"]
[Date "2020.09.29"]
[Round "4"]
[White "Witik"]
[Black "SRDR8290"]
[Result "1-0"]
[WhiteElo "2676"]
[BlackElo "2465"]
[TimeControl "180+1"]
[EndTime "10:37:38 PDT"]
[Termination "Witik won by resignation"]

1. d4 e6 2. e4 d5 3. Nc3 Bb4 4. e5 b6 5. Qg4 Bf8 6. Bg5 Ne7 7. Bb5+ c6 8. Ba4 a5 9. a3 h6 10. Bh4 Ba6 11. Nge2 b5 12. Bb3 c5 13. dxc5 Nd7 14.
O-O-O Nxe5 15. Qh5 N5g6 16. Bg3 Nf5 17. Nxd5 Nxg3 18. Nxg3 Bxc5 19. Ne4 exd5 20. Rxd5 Qe7 21. Nxc5 O-O 22. Qxg6 fxg6 23. Rd7+ Qf7 24. Rxf7 Rxf7 25.
Rd1 Kf8 26. Bxf7 Kxf7 27. Rd7+ Kg8 28. Ne6 Bc8 29. Rxg7+ Kh8 30. Rxg6 Ra6 31. Nf4 1-0

[Event "*** SCC Grand Prix: Titled Tuesday Blitz"]
[Site "Chess.com"]
[Date "2020.09.29"]
[Round "4"]
[White "K_A_S_T_O_R"]
[Black "rasmussvane"]
[Result "0-1"]
[WhiteElo "2711"]
[BlackElo "2900"]
[TimeControl "180+1"]
[EndTime "10:37:40 PDT"]
[Termination "rasmussvane won by checkmate"]

1. e4 c6 2. Nc3 d5 3. Nf3 dxe4 4. Nxe4 Nf6 5. Nxf6+ exf6 6. d4 Bd6 7. h3 O-O 8. Bd3 Re8+ 9. Be3 Be6 10. c4 Nd7 11.
Qc2 Nf8 12. a3 Rc8 13. Kf1 b5 14. b3 Qd7 15. a4 bxc4 16. bxc4 Rb8 17. Ke2 Ng6 18.
Kf1 h6 19. h4 Bg4 20. Nd2 Nf4 21. Be4 Be2+ 22. Kg1 Qg4 23. g3 Nd3 24. Bxd3 Rxe3 25. Bxe2 Rxe2 26. Qd3 Rb2 27. Nf1 Rxf2 28. Re1 Rg2# 0-1

[Event "*** SCC Grand Prix: Titled Tuesday Blitz"]
[Site "Chess.com"]
[Date "2020.09.29"]
[Round "4"]
[White "Misticpikachu"]
[Black "JoliyRoger"]
[Result "1-0"]
[WhiteElo "2316"]
[BlackElo "2429"]
[TimeControl "180+1"]
[EndTime "10:37:42 PDT"]
[Termination "Misticpikachu won by checkmate"]

1. c4 Nf6 2. Nc3 c5 3. Nf3 e6 4.
g3 Be7 5. Bg2 O-O 6. O-O Nc6 7.
d4 cxd4 8. Nxd4 Ne5 9. b3 d6 10.
Bb2 a6 11. Rc1 Qc7 12. f4 Ng6 13. f5 Ne5 14. Ne4 Re8 15. fxe6 fxe6 16. Ng5 Bf8 17. Ndf3 Neg4 18. Qd4 h6 19. Ne4 e5 20. Nxf6+ Nxf6 21. Qd2 Rb8 22. Nh4 b5 23. cxb5 Qb6+ 24. Kh1 axb5 25.
Qd3 b4 26. Rc6 Qb5 27. Qg6 Re6 28. Nf5 Kh8 29. Nxh6 gxh6 30. Rxf6 Qxe2 31. Rxf8# 1-0

[Event "*** SCC Grand Prix: Titled Tuesday Blitz"]
[Site "Chess.com"]
[Date "2020.09.29"]
[Round "4"]
[White "ChessWarrior3"]
[Black "PowerThinking2650"]
[Result "0-1"]
[WhiteElo "2150"]
[BlackElo "2380"]
[TimeControl "180+1"]
[EndTime "10:37:42 PDT"]
[Termination "PowerThinking2650 won by resignation"]

1. e4 e5 2. Nf3 Nc6 3. Bb5 a6 4. Ba4 Nf6 5. O-O Be7 6. Re1 b5 7. Bb3 d6 8. c3 O-O 9. d4 Bg4 10. Be3 exd4 11. cxd4 d5 12. e5 Ne4 13. Bc2 f5 14. h3 Bh5 15. Nc3 Kh8 16. Qc1 Nxc3 17. bxc3 Bxf3 18. gxf3 Bh4 19. Bf4 g5 20. Bg3 Bxg3 21.
fxg3 Qe7 22. f4 gxf4 23. Qxf4 Nd8 24. e6 Nxe6 25. Qe5+ Qg7 26. Qxe6 Qxg3+ 27. Kh1 Qxh3+ 28. Kg1 Rg8+ 29. Kf2 Rg2+ 0-1

[Event "*** SCC Grand Prix: Titled Tuesday Blitz"]
[Site "Chess.com"]
[Date "2020.09.29"]
[Round "4"]
[White "TimKett"]
[Black "SanchezKelvin"]
[Result "0-1"]
[WhiteElo "2163"]
[BlackElo "2384"]
[TimeControl "180+1"]
[EndTime "10:37:44 PDT"]
[Termination "SanchezKelvin won by checkmate"]

1. e4 c5 2. Nf3 d6 3. d4 cxd4 4.
Nxd4 Nf6 5. Nc3 g6 6. Be3 Bg7 7.
f3 O-O 8. Qd2 Nc6 9. Bc4 Ne5 10. Bb3 Bd7 11. O-O-O Rc8 12. Kb1 Re8 13. g4 b5 14. h4 b4 15. Nd5 Nxd5 16. Bxd5 e6 17. Bb3 a5 18. h5 a4 19. Bxe6 Bxe6 20. hxg6 hxg6 21. Qh2 Qf6 22. Qh7+ Kf8 23. g5 Qd8 24. f4 Nc4 25. Nxe6+ Rxe6 26. Bd4 Bxd4 27. Rxd4 Qb6 28. Qh8+ Ke7 29. Qxc8 Qxd4 30. Qc7+ Kf8 31. e5 Qxb2# 0-1

[Event "*** SCC Grand Prix: Titled Tuesday Blitz"]
[Site "Chess.com"]
[Date "2020.09.29"]
[Round "4"]
[White "RaphCamora"]
[Black "gumimis"]
[Result "1-0"]
[WhiteElo "2402"]
[BlackElo "2218"]
[TimeControl "180+1"]
[EndTime "10:37:45 PDT"]
[Termination "RaphCamora won by resignation"]

1. e4 c5 2. c3 d5 3. exd5 Qxd5 4. d4 Nf6 5. Nf3 Bg4 6. Be2 e6 7. h3 Bh5 8. O-O Nc6 9. Be3 cxd4 10. cxd4 Be7 11. Nc3 Qd6 12. Qb3 O-O 13. Rfd1 Rfd8 14. a3 b6 15. Rac1 Rac8 16. Ba6 Rc7 17. Nb5 Qd7 18. Nxc7 Bxf3 19. gxf3 Qxc7 20. Bb5 Rd6 21. Qc2 Nd5 22. Bxc6 Nxe3 23. fxe3 Rxc6 24. Qxc6 Qg3+ 25.
Kf1 Qxh3+ 26. Ke2 1-0

[Event "*** SCC Grand Prix: Titled Tuesday Blitz"]
[Site "Chess.com"]
[Date "2020.09.29"]
[Round "4"]
[White "Evandro_Barbosa"]
[Black "Indianlad"]
[Result "0-1"]
[WhiteElo "2734"]
[BlackElo "2941"]
[TimeControl "180+1"]
[EndTime "10:37:46 PDT"]
[Termination "Indianlad won by resignation"]

1. e4 c6 2. d4 d5 3. exd5 cxd5 4.
c4 Nf6 5. Nc3 g6 6. cxd5 Bg7 7.
Qb3 O-O 8. Be2 e6 9. Bf3 Nxd5 10.
Nxd5 exd5 11. Ne2 Nc6 12. O-O Be6 13. Be3 Na5 14. Qb4 Nc4 15. Bf4 g5 16. b3 Nb6 17.
Bd6 g4 18. Bxf8 Bxf8 19. Qd2 gxf3 20. gxf3 Qf6 21. Qe3 Re8 22. f4 Kh8 23. Kh1 Bd7 24. Qf3 Bb5 25. Rfe1 Re4 26. Ng3 Rxf4 27. Qh5 Rxf2 28.
Re5 Bd6 29. Rae1 Bxe5 30. dxe5 Qf3+ 31. Qxf3 Rxf3 32. e6 fxe6 33. Rxe6 d4 34. Nh5 Bc6 35. Kg1 Kg8 36. Rd6 d3 0-1

[Event "*** SCC Grand Prix: Titled Tuesday Blitz"]
[Site "Chess.com"]
[Date "2020.09.29"]
[Round "4"]
[White "Shield12"]
[Black "Sven_Tica"]
[Result "1-0"]
[WhiteElo "2857"]
[BlackElo "2656"]
[TimeControl "180+1"]
[EndTime "10:37:46 PDT"]
[Termination "Shield12 won by resignation"]

1. e4 c5 2. Nf3 Nf6 3. Nc3 d5 4.
Bb5+ Bd7 5. e5 Ne4 6. e6 fxe6 7. Bxd7+ Nxd7 8. Nxe4 dxe4 9. Ng5 Nf6 10. Qe2 Qd5 11. Qb5+ Qc6 12. Qxc6+ bxc6 13. Nxe6 Kf7 14. Nxc5 e5 15.
Nb3 a5 16. a4 c5 17. d3 exd3 18. cxd3 Bd6 19. Nd2 Nd5 20. Nc4 Bc7 21. Bd2 Rhd8 22. Ke2 Ne7 23. Bc3 Nc6 24. Rhe1 Rd7 25. Rad1 Re8 26. Kd2 e4 27. Kc2 exd3+ 28. Rxd3 Rxd3 29. Kxd3 Rd8+ 30. Kc2 Rd5 31. h3 g6 32. Rd1 Ke6 33.
Rxd5 Kxd5 34. Kd3 Bf4 35. Nxa5 Nb4+ 36. Bxb4 cxb4 37. b3 Bb8 38. Nc4 Ba7 39. f4 Bb8 40. Ne3+ Kc5 41. Ke4 1-0

[Event "*** SCC Grand Prix: Titled Tuesday Blitz"]
[Site "Chess.com"]
[Date "2020.09.29"]
[Round "4"]
[White "fighter2jz"]
[Black "KarstenHansch"]
[Result "0-1"]
[WhiteElo "2638"]
[BlackElo "2472"]
[TimeControl "180+1"]
[EndTime "10:37:46 PDT"]
[Termination "KarstenHansch won on time"]

1. e4 c6 2. d4 d5 3. e5 Bf5 4.
Nf3 e6 5. Be2 c5 6. Be3 Qb6 7. Nc3 Nc6 8. O-O Qxb2 9. Qe1 cxd4 10. Bxd4 Nxd4 11. Nxd4 Bb4 12. Rb1 Bxc3 13. Rxb2 Bxe1 14.
Rxe1 b6 15. Bb5+ Kf8 16. Nxf5 exf5 17. Bc6 Rd8 18. e6 Ne7 19. Bd7 h5 20. a4 Rh6 21.
h3 fxe6 22. Bxe6 Rd6 23. Bxf5 Nxf5 24. Rb3 Rhf6 25. Rd3 Kf7 26. Re5 g6 27. Rexd5 Rxd5 28. Rxd5 Rd6 29. Re5 Rd1+ 30. Kh2 Rd2 31. g4 Nd4 32. Kg3 hxg4 33. hxg4 Nxc2 34. a5 Rd3+ 35. Kh4 Nd4 0-1

[Event "*** SCC Grand Prix: Titled Tuesday Blitz"]
[Site "Chess.com"]
[Date "2020.09.29"]
[Round "4"]
[White "Mikhail_Golubev"]
[Black "Margency"]
[Result "0-1"]
[WhiteElo "2453"]
[BlackElo "2644"]
[TimeControl "180+1"]
[EndTime "10:37:48 PDT"]
[Termination "Margency won by resignation"]

1. e4 e5 2. Nf3 Nc6 3. Nc3 Nf6 4. d4 exd4 5. Nxd4 Bb4 6. Nxc6 bxc6 7. Bd3 O-O 8. O-O Re8 9. Bg5 h6 10. Bh4 g5 11.
Bg3 Bxc3 12. bxc3 Nxe4 13. f4 d5 14. Qh5 g4 15. Bh4 Qd6 16. f5 Bd7 17. Rae1 Re5 18.
Qxg4+ Kh7 19. Bg3 Qc5+ 20. Bf2 Nxf2 0-1

[Event "*** SCC Grand Prix: Titled Tuesday Blitz"]
[Site "Chess.com"]
[Date "2020.09.29"]
[Round "4"]
[White "Orest_Vovk"]
[Black "hawes33"]
[Result "1-0"]
[WhiteElo "2398"]
[BlackElo "2194"]
[TimeControl "180+1"]
[EndTime "10:37:49 PDT"]
[Termination "Orest_Vovk won by checkmate"]

1. h4 Nf6 2. h5 h6 3. Nc3 d5 4.
e4 dxe4 5. Qe2 Bg4 6. Qb5+ c6 7. Qxb7 Nbd7 8. Qxc6 Rc8 9. Qa4 Bxh5 10. Bb5 Bg6 11. Nge2 e5 12. Ng3 Bc5 13. Ngxe4 Nxe4 14. Nxe4 Bxe4 15.
Qxe4 O-O 16. Bxd7 Qxd7 17. d3 f5 18. Qc4+ Kh7 19. Qh4 Qc6 20. Bd2 Rf6 21. f3 e4 22.
fxe4 Re8 23. O-O-O fxe4 24. Bc3 Be3+ 25. Kb1 Rf2 26. Qg3 Re7 27. Qxe3 Rxg2 28. Rdg1 exd3 29. Qxe7 dxc2+ 30. Ka1 Qf3 31. Qxg7+ Rxg7 32. Rxg7+ Kh8 33. Rxh6# 1-0

[Event "*** SCC Grand Prix: Titled Tuesday Blitz"]
[Site "Chess.com"]
[Date "2020.09.29"]
[Round "4"]
[White "Sjakkerntobi"]
[Black "GjakanTati"]
[Result "1-0"]
[WhiteElo "2427"]
[BlackElo "2615"]
[TimeControl "180+1"]
[EndTime "10:37:50 PDT"]
[Termination "Sjakkerntobi won by resignation"]

1. e4 e5 2. Nf3 Nc6 3. Bb5 Nf6 4. O-O Nxe4 5. Re1 Nd6 6. Nxe5 Be7 7. Bf1 Nxe5 8.
Rxe5 O-O 9. d4 Bf6 10. Re1 Re8 11. Rxe8+ Nxe8 12. c4 c6 13. Nc3 d5 14. cxd5 cxd5 15. Bf4 Be6 16. Be5 Be7 17. Qb3 Qb6 18. Qxb6 axb6 19.
Be2 f6 20. Bf4 Nd6 21. Bf3 Ra5 22. b4 Ra8 23. Nxd5 Bxd5 24. Bxd5+ Kf8 25. g4 Ra3 26. Rc1 g6 27. Rc7 Nb5 28. Rc8+ Bd8 29. Rxd8+ Ke7 30. Rb8 Nc3 31. Rxb7+ Kd8 32. Bf3 Nb5 33. Kg2 Nxd4 34. Be4 Ne2 35. Be3 Nc3 36. Bf3 Nxa2 37. Rxb6 f5 38.
Rb8+ Kc7 39. Rh8 fxg4 40. Bxg4 Nxb4 41. Rxh7+ Kc6 42. Bf3+ Kd6 43. Rg7 Nc2 44. Rxg6+ Ke5 45. Rg5+ Kf6 46. Bf4 Nd4 47. Bg4 Ne6 48. Bxe6 Kxe6 49.
Re5+ 1-0

[Event "*** SCC Grand Prix: Titled Tuesday Blitz"]
[Site "Chess.com"]
[Date "2020.09.29"]
[Round "4"]
[White "vaishali2001"]
[Black "PavelShkapenko"]
[Result "0-1"]
[WhiteElo "2499"]
[BlackElo "2706"]
[TimeControl "180+1"]
[EndTime "10:37:54 PDT"]
[Termination "PavelShkapenko won by resignation"]

1. Nf3 Nf6 2. g3 d5 3. Bg2 c6 4. O-O Bg4 5. d3 Nbd7 6. h3 Bh5 7. c4 e6 8. Qb3 Qb6 9. Be3 Bc5 10. Bxc5 Nxc5 11. Qxb6 axb6 12. g4 Bg6 13. Ne5 Nb3 14.
axb3 Rxa1 15. h4 h6 16. g5 hxg5 17. hxg5 Nd7 18. Nxg6 fxg6 19. f4 Ke7 20. Kf2 Nc5 21. b4 Na6 22. b5 Nc7 23. bxc6 bxc6 24. Kg3 Rha8 25. Rc1 Kd7 26. cxd5 cxd5 27. e4 R8a2 28. exd5 Nxd5 29. Re1 Rxb2 30. Bh3 Nc7 0-1

[Event "*** SCC Grand Prix: Titled Tuesday Blitz"]
[Site "Chess.com"]
[Date "2020.09.29"]
[Round "4"]
[White "Maghalashvili"]
[Black "Onischuk_V"]
[Result "1/2-1/2"]
[WhiteElo "2716"]
[BlackElo "2889"]
[TimeControl "180+1"]
[EndTime "10:37:55 PDT"]
[Termination "Game drawn by agreement"]

1. Nf3 g6 2. g3 Bg7 3. d4 d6 4. Bg2 Nf6 5. O-O O-O 6. c4 Nc6 7. Nc3 e5 8. dxe5 dxe5 9. Qxd8 Rxd8 10. Bg5 Be6 11. Nd2 h6 12. Bxf6 Bxf6 13. Nd5 Bxd5 14. cxd5 Nb4 15. e4 Be7 16. Nc4 f6 17. Rfc1 a5 18.
Bf1 a4 19. a3 Na6 20. Na5 Nc5 21. Rxc5 Bxc5 22. Nxb7 Bd4 23. Nxd8 Rxd8 24. Rc1 Bxb2 25. Rxc7 Bxa3 26. Ra7 Bc5 27. Rxa4 f5 28. exf5 gxf5 29. Bh3 Rxd5 30. Bxf5 Rd2 31. Ra2 Bxf2+ 32. Kg2 Rxa2 33. Be6+ Kg7 34. Bxa2 Bd4 35. Kf3 1/2-1/2

[Event "*** SCC Grand Prix: Titled Tuesday Blitz"]
[Site "Chess.com"]
[Date "2020.09.29"]
[Round "4"]
[White "MateusViageiro"]
[Black "Savagelittlemole"]
[Result "0-1"]
[WhiteElo "2347"]
[BlackElo "2603"]
[TimeControl "180+1"]
[EndTime "10:37:56 PDT"]
[Termination "Savagelittlemole won on time"]

1. e4 c5 2. Nf3 d6 3. d4 cxd4 4. Nxd4 Nf6 5. Nc3 a6 6. f3 e5 7. Nb3 Be7 8. Be3 Be6 9. Qd2 O-O 10. O-O-O Nbd7 11. g4 b5 12. g5 b4 13. gxf6 bxc3 14.
Qxc3 Nxf6 15. Kb1 Rc8 16. Qd2 Qc7 17. Rg1 Rfd8 18. Qf2 Rb8 19. Bxa6 d5 20. Ba7 Rxb3 21.
axb3 d4 22. Bxd4 exd4 23. Rxd4 Rxd4 24. Qxd4 g6 25. Rd1 Qxh2 26. Bc4 Bxc4 27. Qxc4 Kg7 28. b4 h5 29. b5 h4 30. Qd4 Qe2 31. e5 Nh5 32.
e6+ Bf6 0-1

[Event "*** SCC Grand Prix: Titled Tuesday Blitz"]
[Site "Chess.com"]
[Date "2020.09.29"]
[Round "4"]
[White "VMikhalevski"]
[Black "Fandorine"]
[Result "0-1"]
[WhiteElo "2723"]
[BlackElo "2913"]
[TimeControl "180+1"]
[EndTime "10:37:57 PDT"]
[Termination "Fandorine won by resignation"]

1. d4 Nf6 2. Nf3 g6 3. g3 Bg7 4. Bg2 O-O 5. O-O d6 6. b3 e5 7.
dxe5 dxe5 8. Ba3 e4 9. Bxf8 Qxf8 10. Nd4 e3 11. f4 Nc6 12. Nxc6 bxc6 13. Nc3 Bf5 14.
Qc1 h5 15. Qxe3 Ng4 16. Qf3 Qc5+ 17. Kh1 Bxc3 18. Rad1 Re8 19. h3 Be4 20. hxg4 Bxf3 21. Bxf3 hxg4 22. Bxg4 Kg7 23. Kg2 Qa3 24. Rd3 Bf6 25.
Rf2 Qxa2 26. e3 Qa5 27. Bf3 Rd8 28. Rxd8 Bxd8 29. Re2 Qc3 30. Kf2 Be7 31. Kg2 a5 32. Kf2 Bc5 33. Be4 Bb6 34. Bf3 c5 35. Bd5 c4 36. Kf3 cxb3 37. cxb3 c6 38. Be4 Qxb3 39.
Bxc6 a4 0-1

[Event "*** SCC Grand Prix: Titled Tuesday Blitz"]
[Site "Chess.com"]
[Date "2020.09.29"]
[Round "4"]
[White "pirulillo"]
[Black "UCantHandleDenker"]
[Result "0-1"]
[WhiteElo "2233"]
[BlackElo "2577"]
[TimeControl "180+1"]
[EndTime "10:37:57 PDT"]
[Termination "UCantHandleDenker won by resignation"]

1. e4 d6 2. d4 Nf6 3. Nc3 g6 4. f4 Bg7 5. Nf3 c5 6. dxc5 Qa5 7. Bd2 Qxc5 8. Bd3 Nc6 9. Qe2 Bg4 10. Be3 Qa5 11.
O-O O-O 12. h3 Bxf3 13. Qxf3 Nd7 14. a3 Bxc3 15. bxc3 Qxc3 16. Qf2 Nc5 17. Rfd1 Rac8 18. e5 Nxd3 19. cxd3 dxe5 20. f5 Nd4 21. Rac1 Qxa3 22. Rxc8 Rxc8 23. f6 Qd6 24. Rf1 exf6 25. Qa2 a6 26.
Bg5 Nf5 27. Bxf6 Qxf6 28. g4 Qb6+ 29. Kh2 Nd6 0-1

[Event "*** SCC Grand Prix: Titled Tuesday Blitz"]
[Site "Chess.com"]
[Date "2020.09.29"]
[Round "4"]
[White "Fy_Rakotomaharo"]
[Black "renehp"]
[Result "1-0"]
[WhiteElo "2676"]
[BlackElo "2466"]
[TimeControl "180+1"]
[EndTime "10:38:00 PDT"]
[Termination "Fy_Rakotomaharo won by resignation"]

1. e4 d5 2. exd5 Nf6 3. c4 c6 4. d4 cxd5 5. Nc3 Nc6 6. Nf3 g6 7. cxd5 Nxd5 8. Qb3 Nxc3 9. Bc4 Nd5 10. Bxd5 e6 11. Bxc6+ bxc6 12. Bg5 Qa5+ 13. Bd2 Qa6 14. h4 h5 15. Rc1 Bd6 16. Ne5 Rb8 17. Qc2 Bxe5 18. dxe5 O-O 19. b3 Rd8 20. Be3 c5 21. Qe2 c4 22. bxc4 Qa5+ 23. Bd2 Qxa2 24. Bc3 Rb1 25. Qxa2 Rxc1+ 26. Ke2 Rxh1 27. Qxa7 Rxh4 28. Qe7 Re4+ 29. Kf3 1-0

[Event "*** SCC Grand Prix: Titled Tuesday Blitz"]
[Site "Chess.com"]
[Date "2020.09.29"]
[Round "4"]
[White "Makswolf200817"]
[Black "Stouuf"]
[Result "1-0"]
[WhiteElo "2437"]
[BlackElo "2589"]
[TimeControl "180+1"]
[EndTime "10:38:00 PDT"]
[Termination "Makswolf200817 won by checkmate"]

1. d4 d6 2. c4 e5 3. dxe5 dxe5 4. Qxd8+ Kxd8 5. Nc3 c6 6. g3 Be6 7. b3 Nd7 8. Bh3 Bxh3 9. Nxh3 f6 10. Bb2 Kc7 11.
O-O-O Ne7 12. Ba3 Nc8 13. Bxf8 Rxf8 14. f4 Ncb6 15. Rhf1 a5 16. Kb2 a4 17. f5 Nc5 18.
Nf2 Rfd8 19. Nfe4 Nxe4 20. Nxe4 axb3 21. axb3 Rxd1 22. Rxd1 Nc8 23. Nc5 Kb6 24. b4 Rb8 25. Nd7+ Kc7 26. Nxb8 Kxb8 27. Rd7 Nb6 28. Rxg7 Nxc4+ 29. Kc3 Nd6 30. g4 h6 31. Rg6 b5 32. Rxh6 Kc7 33.
Kd3 e4+ 34. Kd4 Kd7 35. Rxf6 Nc4 36. Kxe4 Ke7 37. Rxc6 Nb2 38. g5 Kd7 39. Rc5 Ke7 40. h4 Na4 41. Rxb5 Nc3+ 42. Ke5 Nxb5 43. h5 Nc3 44. e4 Kd7 45. h6 Ke7 46. g6 Nxe4 47.
Kxe4 Kf6 48. b5 Kg5 49. h7 Kh6 50. h8=Q+ Kg5 51. b6 Kg4 52. b7 Kg5 53. b8=Q Kg4 54. Qf4# 1-0

[Event "*** SCC Grand Prix: Titled Tuesday Blitz"]
[Site "Chess.com"]
[Date "2020.09.29"]
[Round "4"]
[White "aloe_normansen"]
[Black "CaspiIsrael"]
[Result "0-1"]
[WhiteElo "2347"]
[BlackElo "2588"]
[TimeControl "180+1"]
[EndTime "10:38:00 PDT"]
[Termination "CaspiIsrael won by resignation"]

1. e4 d5 2. exd5 Qxd5 3. Nc3 Qd6 4. d4 Nf6 5. Nf3 a6 6. Be2 Nc6 7. h3 Bf5 8. Be3 e6 9. Qd2 Be7 10. Bf4 Qd8 11. g4 Bg6 12. O-O-O Nb4 13. Ne1 h5 14. gxh5 Bxh5 15. Rg1 Bxe2 16. Qxe2 g6 17. Be5 Rxh3 18. a3 Nbd5 19. Nxd5 Qxd5 20. Nd3 Qc4 21. Qd2 O-O-O 22. Nf4 Rh7 23. Qa5 Nd7 24. b3 Qc6 25. d5 Qb6 26. Qxb6 Bxa3+ 27. Kb1 cxb6 28. Bc3 e5 29.
Nd3 Bd6 30. Rg5 Rh5 31. Rxh5 gxh5 32. Rh1 Rh8 33. f4 f6 34. fxe5 fxe5 35. Re1 h4 36. Nxe5 Nxe5 37. Bxe5 Re8 38. Bc3 Rxe1+ 39. Bxe1 h3 0-1

[Event "*** SCC Grand Prix: Titled Tuesday Blitz"]
[Site "Chess.com"]
[Date "2020.09.29"]
[Round "4"]
[White "SergioGarciaFuentes"]
[Black "KacperPolOK"]
[Result "0-1"]
[WhiteElo "2180"]
[BlackElo "2386"]
[TimeControl "180+1"]
[EndTime "10:38:00 PDT"]
[Termination "KacperPolOK won by resignation"]

1. c4 f5 2. b3 Nf6 3. Bb2 d6 4. d4 e6 5. g3 Be7 6. Bg2 O-O 7. Nf3 Qe8 8. Nc3 a5 9. O-O Qh5 10. e3 g5 11. Nd2 Qxd1 12. Rfxd1 c6 13. e4 f4 14. e5 dxe5 15. dxe5 Ng4 16. Nce4 Nd7 17.
Nf3 Nc5 18. Nd6 fxg3 19. hxg3 Nxf2 20. Kxf2 g4 21. Ke2 gxf3+ 22. Bxf3 Bd7 23. Nxb7 Be8 24.
Nd6 Bg6 25. Bxc6 Rab8 26. Ba3 Nxb3 27. axb3 Rxb3 28. Rf1 Bd3+ 0-1

[Event "*** SCC Grand Prix: Titled Tuesday Blitz"]
[Site "Chess.com"]
[Date "2020.09.29"]
[Round "4"]
[White "parintele_chess"]
[Black "ChelsieMonica"]
[Result "0-1"]
[WhiteElo "2144"]
[BlackElo "2378"]
[TimeControl "180+1"]
[EndTime "10:38:00 PDT"]
[Termination "ChelsieMonica won on time"]

1. d4 Nf6 2. c4 e6 3. Nc3 Bb4 4. e3 O-O 5. Ne2 d5 6. a3 Bxc3+ 7. Nxc3 c5 8. dxc5 a5 9. cxd5 exd5 10. Bd3 Nbd7 11.
O-O Nxc5 12. Bc2 Bg4 13. Qd4 Ne6 14. Qe5 Rc8 15. Bf5 Nd7 16. Qxd5 Rc5 17. Bxh7+ Kxh7 18. Qxb7 Qc7 19. Qe4+ Bf5 20. Qh4+ Kg8 21. e4 Bg6 22. Nd5 Qd8 23. Ne7+ Qxe7 24. Qxe7 Nf6 25. f3 Rd8 26. Qa7 Rc7 27. Qxa5 Rd3 28. Bg5 Rc5 29. Qa8+ Rd8 30. Qa7 Rxg5 31. b4 Nf4 32. g3 Nh3+ 33. Kh1 Rh5 0-1

[Event "*** SCC Grand Prix: Titled Tuesday Blitz"]
[Site "Chess.com"]
[Date "2020.09.29"]
[Round "4"]
[White "GiantThresher"]
[Black "maximnovik"]
[Result "1-0"]
[WhiteElo "2771"]
[BlackElo "2518"]
[TimeControl "180+1"]
[EndTime "10:38:01 PDT"]
[Termination "GiantThresher won by resignation"]

1. e4 c6 2. d4 d5 3. e5 Bf5 4. h4 h6 5. g4 Bd7 6. Be3 c5 7. dxc5 Nc6 8. Nc3 d4 9. Bxd4 Bxg4 10.
Qxg4 Qxd4 11. Qxd4 Nxd4 12. O-O-O O-O-O 13. Ne4 h5 14. Bh3+ Kc7 15. c3 Nc6 16. e6 Rxd1+ 17. Kxd1 Nf6 18. Ng5 fxe6 19. Nxe6+ Kb8 20. Nf3 g6 21.
Ke2 Bh6 22. Rd1 Ng4 23. Rd7 Kc8 24. Rc7+ Kb8 25. Bxg4 hxg4 26. Nfd4 Nxd4+ 27. cxd4 Bf4 28. Rxe7 Bh2 29. d5 a5 30. d6 1-0

[Event "*** SCC Grand Prix: Titled Tuesday Blitz"]
[Site "Chess.com"]
[Date "2020.09.29"]
[Round "4"]
[White "venus02"]
[Black "Roman_Ovetchkin"]
[Result "1-0"]
[WhiteElo "2457"]
[BlackElo "2636"]
[TimeControl "180+1"]
[EndTime "10:38:01 PDT"]
[Termination "venus02 won by resignation"]

1. e4 c6 2. d4 d5 3. e5 Bf5 4. h4 Qb6 5. Nc3 h5 6. Nf3 e6 7. Bd3 Bg4 8. Be2 c5 9. dxc5 Bxc5 10.
O-O Bxf3 11. Bxf3 Qc7 12. Re1 Ne7 13. Bg5 Nbc6 14. Bxd5 exd5 15. Nxd5 Nxd5 16. Qxd5 Ne7 17. Qf3 Qc6 18. Qf4 Ng6 19. Qf5 Qe6 20. Qe4 O-O 21.
Qf3 Qg4 22. Qd5 Bb6 23. Re4 Qe6 24. Qb5 Rac8 25. c3 Rc5 26. Qe2 Rxe5 27. Rxe5 Qxe5 28.
Qxh5 Rd8 29. Qg4 Rd2 30. Bxd2 1-0